 Dungeon Crawl Stone Soup version 0.29-a0-925-g0a7a3d12f8 (webtiles) character file.

Game seed: 16302817926858374150

58 Alarak the Caller (level 3, -1/19 HPs)
             Began as a Deep Elf Summoner on July 29, 2022.
             Slain by an orc wizard
             ... wielding a +0 dagger
              (2 damage)
             ... on level 3 of the Dungeon.
             The game lasted 00:10:16 (3264 turns).

Alarak the Caller (Deep Elf Summoner)               Turns: 3264, Time: 00:10:17

Health: -1/19      AC:  4    Str:  9    XL:     3   Next: 76%
Magic:  7/11       EV: 12    Int: 29    God:
Gold:   98         SH:  0    Dex: 15    Spells: 5/11 levels left

rFire   . . .      SeeInvis +   r - +3 dagger
rCold   . . .      Faith    .   (no shield)
rNeg    . . .      Spirit   .   s - +1 leather armour of Tortured Intercession {*Slow Str+4 Int+8 SInv}
rPois   .          Reflect  .   (no helmet)
rElec   .          Harm     .   (no cloak)
rCorr   .          Rampage  .   (no gloves)
Will    .....                   (no boots)
Stlth   ++........              (no amulet)
HPRegen 0.06/turn               (no ring)
MPRegen 0.12/turn               (no ring)

@: no status effects
A: no striking features
a: no special abilities


You were on level 3 of the Dungeon.
You visited 1 branch of the dungeon, and saw 3 of its levels.

You collected 98 gold pieces.

Inventory:

Hand Weapons
 m - a +0 dagger
 r - a +3 dagger (weapon)
Armour
 a - a +0 robe
 s - the +1 leather armour of Tortured Intercession (worn) {*Slow Str+4 Int+8 SInv}
   (You found it on level 3 of the Dungeon)

   Str:       It affects your strength (+4).
   Int:       It affects your intelligence (+8).
   SInv:      It lets you see invisible.
   *Slow:     It may slow you when you take damage.
Scrolls
 d - 2 scrolls of amnesia {unknown}
 f - 2 scrolls of enchant armour {unknown}
 g - 2 scrolls of identify {unknown}
 h - 2 scrolls of teleportation {unknown}
 i - a scroll of magic mapping {unknown}
 l - 4 scrolls of poison {unknown}
 o - a scroll of summoning {unknown}
 q - a scroll of immolation {unknown}
Potions
 b - a potion of magic
 c - a potion of might {unknown}
 e - 2 potions of brilliance {unknown}
 j - 2 potions of ambrosia {unknown}
 k - a potion of mutation {unknown}
 n - 3 potions of heal wounds {unknown}
 p - a potion of cancellation {unknown}


   Skills:
 - Level 2.4 Dodging
 - Level 2.4 Stealth
 + Level 4.5 Spellcasting
 - Level 5.2 Summonings


You had 5 spell levels left.
You knew the following spells:

 Your Spells              Type           Power      Damage    Failure   Level
a - Summon Small Mammal   Summ           100%       N/A       1%          1
b - Call Imp              Summ           37%        N/A       1%          2
c - Summon Guardian Gole  Hex/Summ       21%        N/A       10%         3

Your spell library contained the following spells:

 Spells                   Type           Power      Damage    Failure   Level
 Call Canine Familiar     Summ           37%        N/A       3%          3
 Static Discharge         Conj/Air       6%         3-4/arc   14%         2
 Stone Arrow              Conj/Erth      12%        3d7       28%         3
 Animate Armour           Summ/Erth      42%        N/A       30%         4
 Summon Lightning Spire   Summ/Air       21%        N/A       30%         4
 Lightning Bolt           Conj/Air       3%         1d14      95%         5
 Lehudib's Crystal Spear  Conj/Erth      3%         10d2      100%        8
 Maxwell's Capacitive Co  Air            3%         ∞         100%        8


Dungeon Overview and Level Annotations

Branches:
Dungeon (3/15)

Altars:

Annotations:
D:3 1 transporter


Message History

Orders for allies: a - Attack new target. p - Attack previous target. r - Retreat! s - Stop attacking. g - Guard the area. f - Follow me.
Anything else - Cancel.
Guard this area!
Unknown command.
The orc wizard hits your guardian golem but does no damage.
Your guardian golem disappears in a puff of smoke!
The orc wizard gestures at you while chanting.
You are confused.
You bump into the rock wall.
You're too confused to cast spells.
The orc wizard hits you with a +0 dagger.
The orc wizard barely misses you.
The orc wizard hits you but does no damage.
The orc wizard closely misses you.
You feel less confused.
The orc wizard hits you with a +0 dagger.
You barely miss the orc wizard. The orc wizard closely misses you.
Casting: Summon Guardian Golem (extremely dangerous; 10% risk of failure)
Confirm with . or Enter, or press ? or * to list all spells.
A beastly little devil appears in a puff of flame.
The orc wizard hits you with a +0 dagger.
The orc wizard hits you with a +0 dagger.
Your crimson imp blinks!
The orc wizard barely misses you.
You hit the orc wizard but do no damage.
The orc wizard hits you but does no damage.
Your rat bites the orc wizard.
You hit the orc wizard.
The orc wizard is moderately wounded.
The orc wizard gestures at you while chanting.
The puff of flame hits you!
Ouch! That really hurt!
* * * LOW HITPOINT WARNING * * *
Your rat closely misses the orc wizard.
You hit the orc wizard.
The orc wizard is heavily wounded.
The orc wizard hits you with a +0 dagger.
You die...

..#≈≈P≈≈
##+####.#≈≈≈PS#
#...@.#.#≈PP≈≈#
#...or#.#≈≈♣≈≈#
#..r..#.#≈≈≈≈≈#
##......#≈...≈#
#..5...#≈...≈#.
#.....)###+###..
#......#P./.P#..
.######.....#8.©.8#..
.........<..#######..


You could see an orc wizard (invisible), a friendly crimson imp (summoned), a
friendly quokka (summoned) and a friendly rat (summoned).

Vanquished Creatures
  An endoplasm (D:2)
  2 bats
  A frilled lizard (D:2)
  A kobold (D:1)
  2 rats (D:2)
7 creatures vanquished.

Vanquished Creatures (collateral kills)
  An adder (D:2)
  A worm (D:2)
  3 dart slugs
  3 bats (D:1)
  4 endoplasms
  4 goblins
  3 hobgoblins
  2 quokkas
  4 ball pythons
  4 frilled lizards
  2 kobolds (D:2)
  3 rats
34 creatures vanquished.

Grand Total: 41 creatures vanquished

Notes
Turn   | Place    | Note
-------+----------+-------------------------------------------
     0 | D:1      | Alarak the Deep Elf Summoner began the quest for the Orb.
     0 | D:1      | Reached XP level 1. HP: 10/10 MP: 6/6
   381 | D:1      | Reached XP level 2. HP: 14/15 MP: 6/8
   459 | D:1      | Reached skill level 5 in Summonings
  1349 | D:1      | Learned a level 2 spell: Call Imp
  2043 | D:2      | Reached XP level 3. HP: 19/19 MP: 8/10
  2969 | D:3      | Found a transporter.
  3177 | D:3      | Identified the +1 leather armour of Tortured Intercession
                  | {*Slow Str+4 Int+8 SInv}
  3219 | D:3      | Learned a level 3 spell: Summon Guardian Golem
  3264 | D:3      | Slain by an orc wizard

Illustrated notes

Levels and vault maps discovered:
D:1:      shiori_arrival_oz, layout_loops_ring, minmay_misc_feat_columns,
          roderic_lattice_a
D:2:      minmay_angry_zag, layout_basic
D:3:      gammafunk_steamed_eel, layout_basic,
          dreamdust_ecumenical_altar_drowned_temple, guppyfry_early_orc_mine

Skill      XL: |  1  2  3 |
---------------+----------+-----
Summonings     | 5 |  5.2
Spellcasting   | 4 |  4.5
Dodging        | |  2.4
Stealth        | |  2.4

Action                   || total
-------------------------++-------
Melee: Unarmed           ||    14
       Dagger            ||    20
 Cast: Summon Small Mamm ||    54
       Call Imp          ||    12
       Summon Guardian G ||     1
 Stab: Sleeping          ||     3
Armor: Robe              ||     6
       Leather armour    ||     2
Dodge: Dodged            ||    45

Table legend: (Time is in decaauts)
 A = Elapsed time spent in this place.
 B = Non-inter-level travel time spent in this place.
 C = Inter-level travel time spent in this place.
 D = Time resting spent in this place.
 E = Time spent auto-exploring this place.
 F = Levels seen in this place.
 G = Mean time per level.
                   A        B        C        D        E       F      G
               +--------+--------+--------+--------+--------+-----+--------+
         Total |   3262 |   3122 |    140 |    681 |   1916 |   3 | 1087.3 |
       Dungeon |   3262 |   3122 |    140 |    681 |   1916 |   3 | 1087.3 |
               +--------+--------+--------+--------+--------+-----+--------+

Top non-repeatable levels by time:
     D:1: 1673 daAuts
     D:2: 1289 daAuts
     D:3: 299 daAuts
